 Dungeon Crawl Stone Soup version 0.21.1-1-g345015f (webtiles) character file.

9 Mothsnok the Ducker (level 2, 0/27 HPs)
             Began as a Troll Warper on July 13, 2018.
             Was a Follower of Ashenzari.
             Slain by dscm's ghost (6 damage)
             ... on level 3 of the Dungeon.
             The game lasted 00:04:26 (299 turns).

Mothsnok the Ducker (Troll Warper)                   Turns: 299, Time: 00:04:27

Health: 0/27       AC:  5    Str: 18    XL:     2   Next: 6%
Magic:  2/2        EV: 10    Int:  9    God:    Ashenzari [*.....]
Gold:   14         SH:  0    Dex:  9    Spells: 3/3 levels left

rFire    . . .     SeeInvis .     - Unarmed
rCold    . . .     Gourm    +   (no shield)
rNeg     . . .     Faith    .   a - +0 robe
rPois    .         Spirit   .   (helmet restricted)
rElec    .         Reflect  .   (no cloak)
rCorr    .         Harm     .   (gloves unavailable)
MR       .....                  (boots unavailable)
Stlth    +.........             (no amulet)
HPRegen  0.49/turn              (no ring)
MPRegen  0.08/turn              (no ring)

@: no status effects
A: large, unfitting armour, claws 3, fast metabolism 3, gourmand, regeneration
1, shaggy fur 1, tough skin 2
a: Curse Item, Scrying, Renounce Religion


You were on level 3 of the Dungeon.
You worshipped Ashenzari.
Ashenzari was aware of your devotion.
You were not hungry.

You visited 1 branch of the dungeon, and saw 3 of its levels.

You collected 14 gold pieces.

Inventory:

Missiles
 d - 5 tomahawks of dispersal (quivered)
Armour
 a - a +0 robe (worn)
Jewellery
 e - a cursed -3 ring of strength
Scrolls
 c - a scroll of blinking
Potions
 g - 2 potions of degeneration {unknown}
 h - a potion of mutation {unknown}
Books
 b - a book of Spatial Translocations

   Spells                             Type                      Level
   a - Blink                          Translocation                2
   b - Shroud of Golubria             Charms/Translocation         2
   c - Lesser Beckoning               Translocation                3
   d - Gell's Gravitas                Translocation                3
   e - Teleport Other                 Translocation                3
   f - Passage of Golubria            Translocation                4
Comestibles
 f - 3 rations


   Skills:
 + Level 1.5 Fighting
 + Level 0.8 Throwing
 + Level 2.4 Dodging
 + Level 2.1 Unarmed Combat
 + Level 1.2 Spellcasting
   Level 2.1 Translocations


You had 3 spell levels left.
You didn't know any spells.

Dungeon Overview and Level Annotations

Branches:
Dungeon (3/15)

Altars:
Ashenzari

Annotations:
D:3 dscm's ghost, amateur OpNe


Innate Abilities, Weirdness & Mutations

You are too large for most types of armour.
You have claws for hands.
Your metabolism is lightning-fast.
You like to eat raw meat.
Your natural rate of healing is unusually fast.
You are covered in fur. (AC +1)
You have very tough skin. (AC +2)


Message History

Dscm's ghost moves out of view.
Dscm's ghost casts a spell at you. Pain shoots through your body!
Dscm's ghost casts a spell at you. Pain shoots through your body!
A frilled lizard comes into view.
The frilled lizard hisses angrily.
Dscm's ghost wails.
Dscm's ghost hits you.
Found a golden potion and an uncursed flail.
Dscm's ghost hits you. Dscm's ghost hits you!
* * * LOW HITPOINT WARNING * * *
Dscm's ghost barely misses you.
The frilled lizard bites you but does no damage.
You barely miss the frilled lizard. Dscm's ghost hits you.
* * * LOW HITPOINT WARNING * * *
The frilled lizard misses you. Dscm's ghost hits you.
You die...

### ..#
#######.# #
....#...# .#
........####.#.)
##.#.W......!
#..l.@..#....
#..#.........
#.....(...###
#.....###...'
##......#.###
#.>...#.#.#
#..#..#.#.#
#..#....#<#
#..#....#.#


You could see dscm's ghost and a frilled lizard.

Vanquished Creatures
  A dart slug (D:1)
  A hobgoblin (D:2)
  A kobold (D:1)
  2 bats (D:1)
  A frilled lizard (D:2)
  3 rats (D:1)
9 creatures vanquished.

Notes
Turn   | Place    | Note
-------+----------+-------------------------------------------
     0 | D:1      | Mothsnok the Troll Warper began the quest for the Orb.
     0 | D:1      | Reached XP level 1. HP: 19/19 MP: 1/1
    55 | D:2      | Found a faded altar of an unknown god.
   130 | D:2      | Became a worshipper of Ashenzari the Shackled
   130 | D:2      | Reached * piety under Ashenzari
   224 | D:1      | Reached XP level 2. HP: 27/27 MP: 2/2
   287 | D:3      | Noticed dscm's ghost (amateur OpNe)
   299 | D:3      | Slain by dscm's ghost

Skill      XL: |  1 |
---------------+----+-----
Dodging        | 2 |  2.4
Fighting       | |  1.5
Throwing       | |  0.8
Unarmed Combat | |  2.1
Spellcasting   | |  1.2
Translocations | |  2.1

Action                   || total
-------------------------++-------
Melee: Unarmed           ||    21
Armor: Robe              ||    11
Dodge: Dodged            ||    19
